 Dungeon Crawl Stone Soup version 0.27-a0-1123-g2f9bb313c0 (webtiles) character file.

Game seed: 1217761796841756289

488 Zeld the Shield-Bearer (level 7, -2/49 HPs)
             Began as an Octopode Fighter on May 4, 2021.
             Slain by Edmund
             ... wielding a +6 vorpal dire flail
              (15 damage)
             ... on level 4 of the Dungeon.
             The game lasted 00:03:57 (5237 turns).

Zeld the Shield-Bearer (Octopode Fighter)           Turns: 5237, Time: 00:03:59

Health: -2/49      AC:  1    Str: 18    XL:     7   Next: 13%
Magic:  7/7        EV: 11    Int: 10    God:
Gold:   205        SH:  9    Dex: 11    Spells: 6/6 levels left

rFire    . . .     SeeInvis .   a - +0 war axe
rCold    . . .     Faith    .   b - +0 kite shield
rNeg     . . .     Spirit   .   (helmet restricted)
rPois    .         Reflect  .   (no amulet)
rElec    .         Harm     .   (no ring)
rCorr    .         Rampage  .   (no ring)
Will     .....                  (no ring)
Stlth    ++........             (no ring)
HPRegen  0.16/turn              (no ring)
MPRegen  0.10/turn              (no ring)
                                (no ring)
                                (no ring)

@: no status effects
A: almost no armour, amphibious, 8 rings, camouflage 1, gelatinous body 1,
(nimble swimmer 1), tentacles
a: no special abilities


You were on level 4 of the Dungeon.
You visited 1 branch of the dungeon, and saw 4 of its levels.

You collected 205 gold pieces.

Inventory:

Hand Weapons
 a - a +0 war axe (weapon)
Missiles
 o - 8 boomerangs (quivered)
 p - 8 javelins
Armour
 b - a +0 kite shield (worn)
Scrolls
 c - a scroll of fog {unknown}
 d - a scroll of vulnerability {unknown}
 g - 2 scrolls of identify {unknown}
 k - a scroll of fear {unknown}
 l - a scroll of enchant weapon {unknown}
 m - a scroll of torment {unknown}
Potions
 e - 2 potions of invisibility {unknown}
 f - a potion of lignification {unknown}
 h - 3 potions of heal wounds
 i - a potion of ambrosia {unknown}
 j - a potion of berserk rage {unknown}
 n - 2 potions of resistance {unknown}
 q - a potion of brilliance {unknown}


   Skills:
 - Level 4.4 Fighting
 - Level 3.7 Axes
 * Level 4.1 Throwing
 - Level 3.0 Dodging
 - Level 4.4 Shields


You had 6 spell levels left.
You didn't know any spells.
Your spell library was empty.

Dungeon Overview and Level Annotations

Branches:
Dungeon (4/15)
 Temple: D:4-7

Altars:
Hepliaklqana

Shops:
D:4 (

Portals:
Abyss: D:3

Annotations:
D:3 2 transporters, Zeld's ghost, novice OpFi
D:4 Edmund


Innate Abilities, Weirdness & Mutations

You cannot wear most types of armour.
You are amphibious.
You can wear up to eight rings at the same time.
Your skin changes colour to match your surroundings (Stealth+).
Your rubbery body absorbs attacks. (AC +1, EV +1)
((You are camouflaged near water. (Stealth+)))
You have tentacles for arms and can constrict up to eight enemies at once.


Message History

Press: ? - help, Q - select action, (/) - cycle Shift-Dir - straight line, f/p - Edmund
Aim: Edmund, wielding a +6 vorpal dire flail and wearing a +2 scale mail of cold resistance (64% to hit)
You throw a boomerang. The boomerang hits Edmund!
Edmund is lightly wounded.
Throw: 8 boomerangs
Press: ? - help, Q - select action, (/) - cycle Shift-Dir - straight line, f/p - Edmund
Aim: Edmund, wielding a +6 vorpal dire flail and wearing a +2 scale mail of cold resistance (lightly wounded, 64% to hit)
You throw a boomerang. The boomerang barely misses Edmund.
Unknown command.
Throw: 8 boomerangs
Press: ? - help, Q - select action, (/) - cycle Shift-Dir - straight line, f/p - Edmund
Aim: Edmund, wielding a +6 vorpal dire flail and wearing a +2 scale mail of cold resistance (lightly wounded, 64% to hit)
You throw a boomerang. The boomerang closely misses Edmund.
Edmund clears his throat.
Okay, then.
You barely miss Edmund. Your grab misses Edmund.
Edmund is lightly wounded.
Edmund says, "You wouldn't believe how much I paid for this flail."
Edmund closely misses you.
You slash Edmund! Your grab misses Edmund.
Edmund is moderately wounded.
Edmund closely misses you.
Edmund hits you with a +6 vorpal dire flail.
You slash Edmund! You grab Edmund. You squeeze Edmund, but do no damage.
Edmund is severely wounded.
You constrict Edmund, but do no damage. You block Edmund's attack.
You hit Edmund but do no damage. You squeeze Edmund.
Edmund is severely wounded.
You constrict Edmund, but do no damage. Edmund misses you.
Edmund hits you with a +6 vorpal dire flail!
You hit Edmund but do no damage.
Edmund is severely wounded.
You constrict Edmund. Edmund closely misses you.
You hit Edmund.
Edmund is almost dead.
You constrict Edmund.
Edmund hits you with a +6 vorpal dire flail!
* * * LOW HITPOINT WARNING * * *
Edmund hits you with a +6 vorpal dire flail!
You die...

......## #..).## ###
...# ....## ##.## ....
.#.## #...## .....
...#####....## .....
......#......## ......
..............## #......
#####..........##.......
##..........@@#
#.............#
##............#
#............#
##........##.#
#........## ..#
.........# #.# #..######
.#


You could see Edmund.

Vanquished Creatures
  An ogre (D:3)
  A necrophage (D:4)
  A scorpion (D:4)
  A bullfrog skeleton (D:4)
  Terence (D:2)
  Robin (D:3)
  A gnoll (D:3)
  A howler monkey skeleton (D:4)
  5 adders
  An ufetubus (D:4)
  A worm (D:2)
  3 dart slugs
  12 orcs
  6 endoplasms
  3 giant cockroaches
  16 goblins
  12 hobgoblins
  13 jackals
  2 quokkas
  6 ball pythons
  5 frilled lizards
  2 kobolds
  2 rats (D:2)
97 creatures vanquished.

Notes
Turn   | Place    | Note
-------+----------+-------------------------------------------
     0 | D:1      | Zeld the Octopode Fighter began the quest for the Orb.
     0 | D:1      | Reached XP level 1. HP: 16/16 MP: 1/1
   393 | D:1      | Reached XP level 2. HP: 11/21 MP: 2/2
   976 | D:2      | Reached XP level 3. HP: 18/26 MP: 3/3
  1145 | D:2      | HP: 1/26 [goblin/+0 dagger (3)]
  1222 | D:2      | HP: 1/26 [hobgoblin (3)]
  1824 | D:2      | Found a hazy altar of Hepliaklqana.
  1948 | D:2      | Noticed Terence
  1959 | D:2      | Killed Terence
  1960 | D:2      | Reached XP level 4. HP: 24/33 MP: 4/4
  2580 | D:3      | Noticed an ogre
  2587 | D:3      | Killed an ogre
  2588 | D:3      | Reached XP level 5. HP: 37/37 MP: 5/5
  2615 | D:3      | Found a transporter.
  2618 | D:3      | Found a transporter.
  2648 | D:3      | Noticed a small abomination
  2668 | D:3      | Found a one-way gate to the infinite horrors of the Abyss.
  2668 | D:3      | Noticed Zeld's ghost (novice OpFi)
  3084 | D:3      | Found a faded altar of an unknown god.
  3761 | D:3      | Reached XP level 6. HP: 35/44 MP: 6/6
  4142 | D:4      | Noticed a necrophage
  4145 | D:4      | Reached skill level 1 in Throwing
  4155 | D:4      | Killed a necrophage
  4505 | D:4      | Noticed Robin
  4784 | D:3      | Killed Robin
  4785 | D:3      | Reached XP level 7. HP: 17/49 MP: 7/7
  5012 | D:4      | Found Urphemiqa's Antique Weapon Emporium.
  5227 | D:4      | Noticed Edmund
  5237 | D:4      | Slain by Edmund

Illustrated notes

Levels and vault maps discovered:
D:1:      dpeg_arrival_simpleton_c, layout_rooms, st_stairs_5
D:2:      layout_basic, basic_altar, uniq_terence
D:3:      kb_forest_paths, layout_loops_ring,
          chequers_ecumenical_altar_simple_redux,
          gammafunk_ghost_abyssal_escape, dk_noncrumbling_2,
          chequers_serial_rivers_small_a, hangedman_decor_clover_reticule,
          minmay_misc_feat_rows
D:4:      minmay_spotlight, layout_cave_pods, nzn_wu_jian_contemplation,
          serial_shops, shop_fountains, uniq_robin, uniq_edmund, uniq_natasha

Skill      XL: |  1  2  3  4  5  6  7 |
---------------+----------------------+-----
Axes           | 3 |  3.7
Fighting       | 4 |  4.4
Shields        | 4 |  4.4
Throwing       | 3 4 |  4.1
Dodging        | |  3.0

Action                   |  1- 3 |  4- 6 |  7- 9 || total
-------------------------+-------+-------+-------++-------
Melee: War axe           |    69 |    91 |    22 ||   182
       Constrict         |    18 |    27 |     7 ||    52
       Tentacles         |    13 |    16 |     5 ||    34
Throw: Boomerang         |       |       |     4 ||     4
  Use: Potion            |       |     2 |       ||     2
 Stab: Sleeping          |     3 |     3 |       ||     6
Armor: Skin              |     4 |    11 |     1 ||    16
Dodge: Dodged            |    33 |    45 |    10 ||    88
Block: Kite shield       |    35 |    50 |    17 ||   102

Table legend: (Time is in decaauts)
 A = Elapsed time spent in this place.
 B = Non-inter-level travel time spent in this place.
 C = Inter-level travel time spent in this place.
 D = Time resting spent in this place.
 E = Time spent auto-exploring this place.
 F = Levels seen in this place.
 G = Mean time per level.
                   A        B        C        D        E       F      G
               +--------+--------+--------+--------+--------+-----+--------+
         Total |   5343 |   5233 |    110 |    492 |   4032 |   4 | 1335.8 |
       Dungeon |   5343 |   5233 |    110 |    492 |   4032 |   4 | 1335.8 |
               +--------+--------+--------+--------+--------+-----+--------+

Top non-repeatable levels by time:
     D:3: 2014 daAuts
     D:2: 1686 daAuts
     D:1: 964 daAuts
     D:4: 678 daAuts
